 Dungeon Crawl Stone Soup version 0.29.0-11-gd7f09526c8 (webtiles) character file.

Game seed: 12174484016716035164

9807 Renzlar the Blocker (level 11, -5/89 HPs)
             Began as a Gnoll Fighter on Sept 6, 2022.
             Was a High Priest of Okawaru.
             Killed from afar by a deep elf pyromancer (31 damage)
             ... with a bolt of fire
             ... on level 11 of the Dungeon.
             The game lasted 00:43:01 (11120 turns).

Renzlar the Blocker (Gnoll Fighter)                Turns: 11120, Time: 00:43:01

Health: -5/89      AC: 18    Str: 22    XL:     11   Next: 52%
Magic:  20/20      EV: 13    Int:  9    God:    Okawaru [*****.]
Gold:   918        SH:  0    Dex: 14    Spells: 20/23 levels left

rFire   . . .      SeeInvis .   b - +8 war axe "Wauggusorgh" {spect, *Noise rN+ Dex+3}
rCold   + . .      Faith    .   (no shield)
rNeg    + . .      Spirit   .   m - +5 scale mail of the Jackalope {rPois}
rPois   +          Reflect  .   (helmet currently unavailable)
rElec   .          Harm     .   q - +2 cloak {Stlth+}
rCorr   .          Rampage  .   t - +0 pair of gloves {Str+3}
Will    .....                   (boots currently unavailable)
Stlth   +++.......              (no amulet)
HPRegen 0.24/turn               e - ring of protection from cold
MPRegen 0.17/turn               (no ring)

@: appendages
A: horns 2, talons 2, fangs 1, strong nose, distributed training
a: End Transformation, Renounce Religion, Heroism, Finesse, Duel


You were on level 11 of the Dungeon.
You worshipped Okawaru.
Okawaru was extremely pleased with you.
You had temporarily grown beastly horns and talons.
You visited 2 branches of the dungeon, and saw 12 of its levels.
You also visited: Ossuary.

You collected 918 gold pieces.

Inventory:

Hand Weapons
 a - a +1 war axe of electrocution
 b - the +8 war axe "Wauggusorgh" (weapon) {spect, *Noise rN+ Dex+3}
   (You found it on level 9 of the Dungeon)

   When its wielder attacks, the weapon's spirit leaps out and strikes again.
   The spirit shares a part of any damage it takes with its wielder.
   Dex:       It affects your dexterity (+3).
   rN:        It protects you from negative energy.
   *Noise:    It may make noises in combat.
 c - a +0 sling
 j - a +2 shortbow of flaming
 k - a +1 dagger of electrocution
 v - a +3 scimitar of flaming
 y - a +1 trident of flaming
Missiles
 g - 49 poisoned darts (quivered)
 E - 3 curare-tipped darts
Armour
 m - the +5 scale mail of the Jackalope (worn) {rPois}
   (You found it on level 2 of the Dungeon)

   rPois:     It protects you from poison.
 n - a +0 helmet (melded)
 q - a +2 cloak of stealth (worn)
 t - a +0 pair of gloves of strength (worn)
Jewellery
 e - a ring of protection from cold (left hand)
 l - a ring of magical power
 G - a ring of magical power
Wands
 u - a wand of polymorph (9)
 x - a wand of mindburst (15)
 F - a wand of flame (7)
Scrolls
 h - 2 scrolls of fear
 i - 10 scrolls of teleportation
 B - 2 scrolls of identify
 C - a scroll of blinking {unknown}
 D - 2 scrolls of silence
Potions
 d - a potion of might
 o - 4 potions of invisibility
 p - 2 potions of heal wounds
 r - 3 potions of resistance
 s - 11 potions of ambrosia
 w - a potion of haste
 z - a potion of magic
 A - 4 potions of curing


   Skills:
 + Level 9.4 Fighting
 + Level 6.6 Short Blades
 + Level 6.6 Long Blades
 + Level 8.1 Axes
 + Level 6.6 Maces & Flails
 + Level 6.6 Polearms
 + Level 6.6 Staves
 + Level 6.6 Ranged Weapons
 + Level 6.6 Throwing
 + Level 9.4 Armour
 + Level 6.6 Dodging
 + Level 6.6 Stealth
 + Level 9.4 Shields
 + Level 6.6 Unarmed Combat
 + Level 6.6 Spellcasting
 + Level 5.5 Conjurations
 + Level 5.5 Hexes
 + Level 5.5 Summonings
 + Level 5.5 Necromancy
 + Level 5.5 Translocations
 + Level 5.5 Transmutations
 + Level 5.5 Fire Magic
 + Level 5.5 Ice Magic
 + Level 5.5 Air Magic
 + Level 5.5 Earth Magic
 + Level 5.5 Poison Magic
 + Level 7.2 Invocations
 + Level 6.6 Evocations


You had 20 spell levels left.
You knew the following spells:

 Your Spells              Type           Power      Damage    Failure   Level
a - Beastly Appendage     Tmut           24%        N/A       4%          1
b - Wereblood             Tmut           12%        N/A       8%          2

Your spell library contained the following spells:

 Spells                   Type           Power      Damage    Failure   Level
 Apportation              Tloc           24%        N/A       4%          1
 Freeze                   Ice            48%        1d7       4%          1
 Necrotise                Necr           48%        1d6       4%          1
 Frozen Ramparts          Ice            24%        1d4       14%         3
 Spider Form              Tmut/Pois      12%        N/A       14%         3
 Hailstorm                Conj/Ice       12%        3d5       43%         4
 Ice Form                 Ice/Tmut       12%        N/A       43%         4
 Passage of Golubria      Tloc           12%        N/A       43%         4
 Yara's Violent Unravell  Hex/Tmut       6%         3d5       80%         5
 Summon Small Mammal      Summ           Unusable   N/A       N/A         1
 Tukima's Dance           Hex            Unusable   N/A       N/A         3
 Summon Ice Beast         Ice/Summ       Unusable   N/A       N/A         4

Dungeon Overview and Level Annotations

Branches:
Dungeon (11/15)            Temple (1/1) D:5            Lair (0/5) D:11
Ossuary (visited)
    Orc: D:9-12

Altars:
Ashenzari
Cheibriados
Dithmenos
Fedhas
Gozag
Hepliaklqana
Kikubaaqudgha
Makhleb
Nemelex Xobeh
Okawaru
Qazlal
Trog
Uskayaw
Vehumet
Wu Jian
Xom
Yredelemnul
Zin
The Shining One

Shops:
D:9 [


Innate Abilities, Weirdness & Mutations

You have temporarily grown beastly horns and talons.
You have very sharp teeth.
Your uncanny sense of smell can sniff out nearby items.
Your experience applies equally to all skills.


Message History

Your +0 helmet melds into your body.
The fire elemental barely misses you. x3
The fire elemental hits you. The fire elemental burns you!
Unknown command.
You slash the fire elemental!
You claw the fire elemental, but do no damage.
Your bite misses the fire elemental.
The fire elemental is heavily damaged.
You slash the fire elemental!
Your +8 war axe "Wauggusorgh" {spect, *Noise rN+ Dex+3} barely misses the fire elemental.
Your +8 war axe "Wauggusorgh" {spect, *Noise rN+ Dex+3} hits the fire elemental.
The deep elf pyromancer gestures wildly while chanting.
The deep elf pyromancer blinks!
The fire elemental hits you. The fire elemental burns you!
The fire elemental hits you. The fire elemental burns you!
You slice the fire elemental!!
You destroy the fire elemental!
The fire elemental disappears in a puff of smoke!
You hit the fire elemental.
Your +8 war axe "Wauggusorgh" {spect, *Noise rN+ Dex+3} hits the fire elemental!
The fire elemental closely misses you.
You barely miss the fire elemental. Your kick misses the fire elemental.
You headbutt the fire elemental!
You destroy the fire elemental!
The fire elemental disappears in a puff of smoke!
The deep elf pyromancer casts a spell.
Unknown command.
You slash the fire elemental! Your bite misses the fire elemental.
The fire elemental is moderately damaged.
Your +8 war axe "Wauggusorgh" {spect, *Noise rN+ Dex+3} hits the fire elemental!
The fire elemental hits your +8 war axe "Wauggusorgh" {spect, *Noise rN+ Dex+3}.
The fire elemental burns your +8 war axe "Wauggusorgh" {spect, *Noise rN+ Dex+3}!
Your +8 war axe "Wauggusorgh" {spect, *Noise rN+ Dex+3} resists.
Your spectral weapon shares its damage with you!
* * * LOW HITPOINT WARNING * * *
The deep elf pyromancer points at you and mumbles some strange words.
The bolt of fire hits your +8 war axe "Wauggusorgh" {spect, *Noise rN+ Dex+3}!
Your +8 war axe "Wauggusorgh" {spect, *Noise rN+ Dex+3} resists.
Your spectral weapon shares its damage with you!
The bolt of fire hits you!!
You die...

.!...≈####.########.###
#........##.........#
..######.########.#.#
..#.....#...#...#.#
..#[##.##†..#...#.#
#.#.##.##...##.##.#
#.#.##..#...#..##.#
#.#.##..#..†..###<#
#§@.##..####### ###
......E(.##..#
.#.#..#.?# ..#
#.....e.# ####.#..#
..#... ## #.#. #.#..


You could see a deep elf pyromancer (ally target), a fire elemental (summoned,
distracted) and a friendly +8 war axe "Wauggusorgh" {spect, *Noise rN+ Dex+3}
(summoned).

Vanquished Creatures
  Erica (D:9)
  A boulder beetle (D:11)
  3 two-headed ogres
  A cyclops (D:11)
  An ice statue (D:11)
  2 kobold demonologists (D:10)
  A queen bee (D:11)
  A troll (D:11)
  A hornet (D:9)
  A wraith (D:10)
  3 yaks
  A steam dragon (D:9)
  An acid dragon (D:10)
  3 water moccasins
  5 orc warriors
  An ogre (D:4)
  An ice beast (D:6)
  2 centaurs
  3 phantoms
  5 kobold brigands (D:10)
  3 bullfrogs
  2 scorpions
  6 wights
  18 killer bees
  2 howler monkeys
  A jelly (D:5)
  2 hounds
  9 orc priests
  8 iguanas
  7 orc wizards
  12 mummies (Ossuary)
  3 adders
  A white imp (D:7)
  An ufetubus (D:5)
  A dart slug (D:1)
  28 orcs
  5 bats
  7 endoplasms
  3 giant cockroaches
  5 hobgoblins
  7 jackals
  27 kobolds
  2 quokkas
  6 ball pythons
  3 frilled lizards
  3 gnoll skeletons (Ossuary)
  7 goblins
  A goblin skeleton (Ossuary)
  A kobold skeleton (Ossuary)
  3 orc skeletons (Ossuary)
  4 rats
  11 rat skeletons (Ossuary)
237 creatures vanquished.

Vanquished Creatures (others)
  An orc wizard (D:7)
  A fungus (D:7)
  5 plants
  4 toadstools (D:7)
11 creatures vanquished.

Grand Total: 248 creatures vanquished

Notes
Turn   | Place    | Note
-------+----------+-------------------------------------------
     0 | D:1      | Renzlar the Gnoll Fighter began the quest for the Orb.
     0 | D:1      | Reached XP level 1. HP: 23/23 MP: 1/1
   139 | D:1      | Reached XP level 2. HP: 27/29 MP: 2/2
   529 | D:1      | Found a faded altar of an unknown god.
  1117 | D:2      | Reached XP level 3. HP: 34/35 MP: 3/3
  1319 | D:2      | Reached skill level 1 in Invocations
  1514 | D:2      | Identified the +5 scale mail of the Jackalope {rPois}
  1779 | D:3      | Reached skill level 1 in Short Blades
  1779 | D:3      | Reached skill level 1 in Long Blades
  1779 | D:3      | Reached skill level 1 in Maces & Flails
  1779 | D:3      | Reached skill level 1 in Polearms
  1779 | D:3      | Reached skill level 1 in Staves
  1779 | D:3      | Reached skill level 1 in Ranged Weapons
  1779 | D:3      | Reached skill level 1 in Throwing
  1779 | D:3      | Reached skill level 1 in Dodging
  1779 | D:3      | Reached skill level 1 in Stealth
  1779 | D:3      | Reached skill level 1 in Unarmed Combat
  1779 | D:3      | Reached skill level 1 in Spellcasting
  1779 | D:3      | Reached skill level 1 in Evocations
  1779 | D:3      | Reached XP level 4. HP: 41/41 MP: 5/5
  1909 | D:3      | Reached skill level 1 in Conjurations
  1909 | D:3      | Reached skill level 1 in Hexes
  1909 | D:3      | Reached skill level 1 in Summonings
  1909 | D:3      | Reached skill level 1 in Necromancy
  1909 | D:3      | Reached skill level 1 in Translocations
  1909 | D:3      | Reached skill level 1 in Transmutations
  1909 | D:3      | Reached skill level 1 in Fire Magic
  1909 | D:3      | Reached skill level 1 in Ice Magic
  1909 | D:3      | Reached skill level 1 in Air Magic
  1909 | D:3      | Reached skill level 1 in Earth Magic
  1909 | D:3      | Reached skill level 1 in Poison Magic
  2068 | D:3      | Reached XP level 5. HP: 39/47 MP: 5/7
  2152 | D:3      | Found a sparkling altar of Nemelex Xobeh.
  2156 | D:3      | Found a burning altar of Makhleb.
  2159 | D:3      | Found an ancient bone altar of Kikubaaqudgha.
  2159 | D:3      | Found an opulent altar of Gozag.
  2166 | D:3      | Found a hazy altar of Hepliaklqana.
  2284 | D:3      | Found a broken altar of Ashenzari.
  2284 | D:3      | Found a bloodstained altar of Trog.
  2694 | D:4      | Noticed an ogre
  2705 | D:4      | Killed an ogre
  2706 | D:4      | Reached skill level 5 in Axes
  2706 | D:4      | Reached XP level 6. HP: 53/53 MP: 7/9
  3086 | D:5      | Entered Level 5 of the Dungeon
  3204 | D:5      | Noticed a water moccasin
  3216 | D:5      | Reached XP level 7. HP: 40/60 MP: 10/10
  3375 | D:5      | Found a staircase to the Ecumenical Temple.
  3385 | Temple   | Entered the Ecumenical Temple
  3417 | Temple   | Became a worshipper of Warmaster Okawaru
  4101 | D:5      | Learned a level 1 spell: Beastly Appendage
  4166 | D:6      | Reached XP level 8. HP: 67/67 MP: 10/12
  4483 | D:6      | Reached * piety under Okawaru
  4633 | D:6      | HP: 3/67 [orc warrior/+0 halberd (6)]
  5223 | D:7      | Reached ** piety under Okawaru
  5268 | D:7      | Found a stormy altar of Qazlal.
  5339 | D:7      | Reached XP level 9. HP: 38/73 MP: 12/15
  6493 | D:8      | Found a sand-covered staircase.
  6501 | Ossuary  | Entered an ossuary
  6906 | Ossuary  | Reached skill level 5 in Invocations
  6976 | D:8      | Learned a level 2 spell: Wereblood
  7097 | D:8      | Reached *** piety under Okawaru
  7727 | D:9      | Noticed a hornet
  7740 | D:9      | Killed a hornet
  7869 | D:9      | Identified the +8 war axe "Wauggusorgh" {spect, *Noise rN+
                  | Dex+3}
  7992 | D:9      | Reached skill level 5 in Short Blades
  7992 | D:9      | Reached skill level 5 in Long Blades
  7992 | D:9      | Reached skill level 5 in Maces & Flails
  7992 | D:9      | Reached skill level 5 in Polearms
  7992 | D:9      | Reached skill level 5 in Staves
  7992 | D:9      | Reached skill level 5 in Ranged Weapons
  7992 | D:9      | Reached skill level 5 in Throwing
  7992 | D:9      | Reached skill level 5 in Dodging
  7992 | D:9      | Reached skill level 5 in Stealth
  7992 | D:9      | Reached skill level 5 in Unarmed Combat
  7992 | D:9      | Reached skill level 5 in Spellcasting
  7992 | D:9      | Reached skill level 5 in Evocations
  7992 | D:9      | Reached XP level 10. HP: 71/81 MP: 15/17
  8106 | D:9      | Noticed Erica
  8113 | D:9      | Killed Erica
  8487 | D:9      | Received a gift from Okawaru
  8688 | D:9      | Found Bywit's Armour Shoppe.
  8840 | D:10     | Entered Level 10 of the Dungeon
  8840 | D:10     | Noticed a two-headed ogre
  8852 | D:9      | Killed a two-headed ogre
  8852 | D:9      | Reached **** piety under Okawaru
  9243 | D:10     | Noticed a two-headed ogre
  9251 | D:10     | Killed a two-headed ogre
  9362 | D:10     | Noticed a kobold demonologist
  9366 | D:10     | Noticed a kobold demonologist
  9370 | D:10     | Reached ***** piety under Okawaru
  9383 | D:10     | Noticed a sixfirhy
  9385 | D:10     | Killed a kobold demonologist
  9390 | D:10     | Killed a kobold demonologist
  9390 | D:10     | Received a gift from Okawaru
  9391 | D:10     | Reached skill level 5 in Conjurations
  9391 | D:10     | Reached skill level 5 in Hexes
  9391 | D:10     | Reached skill level 5 in Summonings
  9391 | D:10     | Reached skill level 5 in Necromancy
  9391 | D:10     | Reached skill level 5 in Translocations
  9391 | D:10     | Reached skill level 5 in Transmutations
  9391 | D:10     | Reached skill level 5 in Fire Magic
  9391 | D:10     | Reached skill level 5 in Ice Magic
  9391 | D:10     | Reached skill level 5 in Air Magic
  9391 | D:10     | Reached skill level 5 in Earth Magic
  9391 | D:10     | Reached skill level 5 in Poison Magic
  9391 | D:10     | Reached XP level 11. HP: 32/89 MP: 18/20
  9394 | D:10     | Noticed a two-headed ogre
  9703 | D:10     | Killed a two-headed ogre
  9703 | D:10     | Identified the +1 robe "Hefiw" {rC+} (Okawaru gifted it to
                  | you on level 10 of the Dungeon)
  9703 | D:10     | Received a gift from Okawaru
 10983 | D:11     | Found a staircase to the Lair.
 11000 | D:11     | Noticed a boulder beetle
 11016 | D:11     | Killed a boulder beetle
 11090 | D:11     | Noticed a cyclops
 11097 | D:11     | Killed a cyclops
 11109 | D:11     | Noticed a deep elf pyromancer
 11120 | D:11     | Killed from afar by a deep elf pyromancer

Illustrated notes

Levels and vault maps discovered:
D:1:      dpeg_arrival_round_b, layout_basic,
          shapermc_ecumenical_altar_hornbeckon, minmay_tetromino_o2
D:2:      layout_loops_cross
D:3:      layout_loops_ring, nicolae_overflow_hallway_of_the_gods,
          gammafunk_temple_overflow_elements
D:4:      wad_lake_hut, layout_cave_pools
D:5:      layout_loops_cross, minmay_temple_entry_tees
D:6:      layout_rooms
D:7:      layout_rooms, grunt_qazlal_sundering, grunt_ministairs_9,
          minmay_gold_behind_fungi
D:8:      layout_gridville, nicolae_ossuary_entry_plus
D:9:      layout_stronghold, serial_shops, nicolae_shop_hallway_plus, uniq_erica
D:10:     layout_loops_ring, kennysheep_decorative_pillar,
          kennysheep_generic_room_15
D:11:     lemuel_ice_statue, layout_basic, dpeg_oklobed_lair, orc_0_dummy,
          special_room [special_room_bee], serial_rivers,
          chequers_serial_rivers_small_b, chequers_serial_rivers_micro_b,
          chequers_serial_rivers_micro_c, chequers_serial_rivers_large_a
Temple:   nicolae_temple_bog_church

Skill      XL: |  1  2  3  4  5  6  7  8  9 10 11 |
---------------+----------------------------------+-----
Invocations    | 1 2 3 4 5 6 7 |  7.2
Short Blades   | 1 2 3 4 5 6 |  6.6
Long Blades    | 1 2 3 4 5 6 |  6.6
Maces & Flails | 1 2 3 4 5 6 |  6.6
Polearms       | 1 2 3 4 5 6 |  6.6
Staves         | 1 2 3 4 5 6 |  6.6
Ranged Weapons | 1 2 3 4 5 6 |  6.6
Throwing       | 1 2 3 4 5 6 |  6.6
Dodging        | 1 2 3 4 5 6 |  6.6
Stealth        | 1 2 3 4 5 6 |  6.6
Unarmed Combat | 1 2 3 4 5 6 |  6.6
Spellcasting   | 1 2 3 4 5 6 |  6.6
Evocations     | 1 2 3 4 5 6 |  6.6
Conjurations   | 1 2 3 4 5 |  5.5
Hexes          | 1 2 3 4 5 |  5.5
Summonings     | 1 2 3 4 5 |  5.5
Necromancy     | 1 2 3 4 5 |  5.5
Translocations | 1 2 3 4 5 |  5.5
Transmutations | 1 2 3 4 5 |  5.5
Fire Magic     | 1 2 3 4 5 |  5.5
Ice Magic      | 1 2 3 4 5 |  5.5
Air Magic      | 1 2 3 4 5 |  5.5
Earth Magic    | 1 2 3 4 5 |  5.5
Poison Magic   | 1 2 3 4 5 |  5.5
Axes           | 5 6 7 8 |  8.1
Fighting       | 7 8 9 |  9.4
Armour         | 7 8 9 |  9.4
Shields        | 7 8 9 |  9.4

Action                   |  1- 3 |  4- 6 |  7- 9 | 10-12 || total
-------------------------+-------+-------+-------+-------++-------
Melee: War axe           |    55 |    51 |   216 |   120 ||   442
       Bite              |     4 |     3 |    18 |    14 ||    39
       Hand axe          |       |       |     4 |       ||     4
       Kick              |       |       |    28 |    35 ||    63
       Headbutt          |       |       |    18 |    26 ||    44
       Punch             |       |       |     3 |     5 ||     8
 Fire: Sling             |    39 |    46 |    31 |       ||   116
       Shortbow          |       |       |   121 |    64 ||   185
Throw: Dart              |       |       |       |     4 ||     4
 Cast: Beastly Appendage |       |       |    24 |    18 ||    42
Invok: Heroism           |       |       |     1 |       ||     1
  Use: Scroll            |     4 |     8 |    12 |       ||    24
       Potion            |       |       |     1 |     4 ||     5
 Stab: Invisible         |       |       |       |     3 ||     3
       Distracted        |       |       |       |     1 ||     1
Armor: Chain mail        |    32 |       |       |       ||    32
       Scale mail        |     8 |    36 |   125 |    61 ||   230
Dodge: Dodged            |    21 |    40 |   136 |    93 ||   290
Block: Buckler           |    23 |    20 |    16 |       ||    59
